[Event "Czech Open Rapid G1 2024"]
[Site "Pardubice"]
[Date "2024.07.17"]
[Round "3.13"]
[White "Bouska, Jiri"]
[Black "Lalic, Bogdan"]
[Result "1/2-1/2"]
[Annotator "RC"]
[ECO "B06"]
[WhiteElo "2222"]
[BlackElo "2348"]
[PlyCount "115"]
[EventDate "2024.07.16"]
[EventType "swiss"]
[EventCountry "CZE"]
[SourceTitle "playchess.com"]
[Source "ChessBase"]
[SourceQuality "1"]
[TimeControl "1200+10"]

1. e4 g6 2. d4 Bg7 3. Nc3 d5 4. exd5 Nf6 5. Nf3 Nxd5 6. Nxd5 Qxd5 7. c4 Qd6 8. Be2 O-O 9. O-O c5 10. Be3 cxd4 11. Bxd4 e5 12. Bc3 Qc7 13. Qd2 Nc6 14. Rad1 Bg4 15. h3 Rad8 16. Qc1 Bf5 17. Rxd8 Rxd8 18. Rd1 e4 19. Ne1 Nd4 20. Bxd4 Bxd4 21. Nc2 Be5 22. Ne3 Be6 23. b3 f5 24. Nd5 Bxd5 25. cxd5 Qxc1 26. Rxc1 Kf8 27. Bc4 Rc8 28. Rd1 Ke7 29. Kf1 Kd6 30. a4 Rc5 31. Rc1 a6 32. b4 Rc7 33. b5 axb5 34. axb5 b6 35. Ke2 Bd4 36. f3 Ra7 37. fxe4 fxe4 38. Bb3 Bc5 39. Rc4 Ra3 40. Bc2 Ra2 41. Kd1 Kxd5 42. Ra4 Rxa4 43. Bxa4 Kc4 44. Ke2 e3 45. g4 Kb4 46. Bc2 Kxb5 47. g5 Kb4 48. h4 b5 49. h5 gxh5 50. Bxh7 Kc3 51. g6 Bd4 52. g7 Bxg7 53. Kxe3 b4 54. Bg8 b3 55. Bxb3 Kxb3 56. Kf3 h4 57. Kg2 Bf6 58. Kh1 1/2-1/2

[Event "Czech Open Rapid G1 2024"]
[Site "Pardubice"]
[Date "2024.07.17"]
[Round "3.14"]
[White "Rasik, Vitezslav"]
[Black "Alexikov, Alexander"]
[Result "1/2-1/2"]
[Annotator "TA"]
[ECO "B51"]
[WhiteElo "2415"]
[BlackElo "2183"]
[PlyCount "78"]
[EventDate "2024.07.16"]
[EventType "swiss"]
[EventCountry "CZE"]
[SourceTitle "playchess.com"]
[Source "ChessBase"]
[SourceQuality "1"]
[TimeControl "1200+10"]

1. e4 c5 2. Nf3 d6 3. Bb5+ Nd7 4. c3 Ngf6 5. Qe2 a6 6. Ba4 e5 7. O-O Be7 8. d4 b5 9. Bc2 O-O 10. Nbd2 ({White should try} 10. d5 $11) 10... Qc7 {[%emt 0:00:28] White must now prevent ...cxd4.} 11. Bb1 a5 12. Re1 Ba6 13. d5 (13. dxe5 $11 dxe5 (13... Nxe5 14. Nxe5 dxe5 15. c4 $11) 14. c4) 13... c4 $1 $15 14. Nf1 Nc5 15. Ng3 g6 {[%emt 0:00:02] Wards off Nf5} 16. h3 b4 17. Rd1 Rfb8 18. Ne1 Rb7 19. Kh2 Rab8 {[%emt 0:00:01] [#] aiming for ...bxc3.} 20. Bc2 a4 {[%emt 0:00:27][%cal Oa4a3] Threatens to win with ...a3!} 21. Qf3 b3 22. axb3 axb3 23. Bb1 Bb5 24. Bh6 Ne8 ({Black should play} 24... Na4 $17 25. Qe2 Bf8) 25. Qe2 Ng7 (25... Ra7 $15 26. Rxa7 Qxa7) 26. f4 $11 f6 27. Nf3 Qd8 28. f5 Ra8 29. Rxa8 Qxa8 30. fxg6 hxg6 31. Nh4 Qe8 32. Rf1 Kh7 (32... f5 $11 33. Nhxf5 gxf5 34. Nxf5 (34. Bxg7 Kxg7 35. exf5 Bf6 $17) 34... Nxf5 35. Qg4+ (35. exf5 Bf6 $11) 35... Kh8 (35... Kh7 36. exf5 Bf6 37. Bg5 $11) 36. exf5 (36. Rxf5 $2 Qg8 $19) 36... Bf6) 33. Bxg7 (33. Bd2 $16) 33... Kxg7 34. Qg4 {[%emt 0:00:18] [#] Nh5+ is the strong threat.} Bd7 (34... Kh7 $11 {remains equal.}) 35. Nhf5+ (35. Ngf5+ $16 Bxf5 (35... Kh7 $2 36. Nxg6 Bxf5 37. exf5 $18) 36. exf5 (36. Nxf5+ Kf7 $16)) 35... Kf8 {[%emt 0:01:42] The position is equal.} 36. Qh4 $1 {[%emt 0:00:05] Threatening mate with Qh6+.} gxf5 37. Qh8+ Kf7 38. Qh7+ Kf8 {[%emt 0:00:01] Strongly threatening ...Qf7.} 39. Qh8+ Kf7 {[%emt 0:00:00] Weighted Error Value: White=0.22 (precise) /Black=0.24 (precise) .  Mistake:       	White=3     	Black=4      Inaccurate:     	White=2     	Black=3      OK:         	White=9     	Black=10     Best:        	White=3     	Black=1      Strong:       	White=1     	Black=1} 1/2-1/2

[Event "Czech Open Rapid G1 2024"]
[Site "Pardubice"]
[Date "2024.07.17"]
[Round "3.15"]
[White "Ocelak, Jakub"]
[Black "Piesik, Piotr"]
[Result "1/2-1/2"]
[Annotator "TA"]
[ECO "A44"]
[WhiteElo "2206"]
[BlackElo "2415"]
[PlyCount "143"]
[EventDate "2024.07.16"]
[EventType "swiss"]
[EventCountry "CZE"]
[SourceTitle "playchess.com"]
[Source "ChessBase"]
[SourceQuality "1"]
[TimeControl "1200+10"]

1. d4 c5 2. d5 e5 3. e4 d6 4. Nc3 Be7 5. Nf3 a6 6. a4 Bg4 7. h3 Bxf3 {[%emt 0:00:02] A44: Semi-Benoni.} 8. Qxf3 Bg5 9. Bxg5 Qxg5 10. Qg4 Qxg4 11. hxg4 Ne7 12. Kd2 $146 ({Predecessor:} 12. f3 Nd7 13. Nd1 b6 14. Ne3 Kd8 15. c3 Kc7 16. Kf2 h6 17. Bd3 Nf8 18. b4 {1-0 Sarana,A (2654)-Piesik,P (2418) Titled Tuesday intern op 4th Aug 10am blitz 2020 (2)}) 12... Nd7 13. Nd1 O-O-O 14. Ne3 h5 15. Rxh5 Rxh5 16. gxh5 Nf6 17. Bd3 Nxh5 18. Rh1 g6 19. g3 Rg8 20. a5 Rg7 21. c3 Rh7 (21... Nf6 $142) 22. b4 (22. f4 $16 {Black must now prevent Nc4.} exf4 23. gxf4) 22... cxb4 $14 23. cxb4 Nf6 24. Rxh7 Nxh7 25. f4 f6 26. b5 axb5 27. Bxb5 Kd8 28. Nc4 Kc7 29. Ke3 exf4+ 30. gxf4 g5 31. a6 bxa6 32. Bxa6 gxf4+ 33. Kxf4 Nf8 34. Bb5 Nfg6+ 35. Ke3 Ne5 36. Nd2 Kb6 37. Be2 N7g6 38. Kd4 Nf8 39. Nf1 Nfd7 40. Ng3 Kc7 41. Nh5 Kd8 42. Bb5 Ke7 43. Bxd7 Nxd7 44. Ke3 Kf7 45. Ng3 Nc5 46. Nf5 Nb7 47. Kf4 $1 Ke8 48. Kg4 Kd7 (48... Nc5 $11) 49. Kh5 ({White should try} 49. Nh6 $1 $14) 49... Nc5 $11 50. Ng3 Nd3 51. Kg6 Ne5+ 52. Kxf6 Ng4+ 53. Kf5 Ne3+ 54. Kg6 Nc4 55. Kf6 Nd2 56. Kf5 Ke7 57. Ne2 Kd7 58. Nc3 Ke7 59. Kf4 Nc4 60. Nb5 Kf6 61. Na7 Nb6 62. Nc6 Nc4 63. Kf3 Kf7 64. Ke2 Ke8 65. Kd3 Nb6 66. Nd4 Nd7 67. Nf5 Ne5+ 68. Kc3 Kd7 69. Kb4 Nd3+ 70. Kb5 Nf2 71. Ng3 Kc7 72. Kc4 1/2-1/2

[Event "Czech Open Rapid G1 2024"]
[Site "Pardubice"]
[Date "2024.07.17"]
[Round "3.16"]
[White "Levytskyi, Liubomyr"]
[Black "Jares, Michal"]
[Result "0-1"]
[Annotator "TA"]
[ECO "B12"]
[WhiteElo "1717"]
[BlackElo "2382"]
[PlyCount "34"]
[EventDate "2024.07.16"]
[EventType "swiss"]
[EventCountry "CZE"]
[SourceTitle "playchess.com"]
[Source "ChessBase"]
[SourceQuality "1"]
[TimeControl "1200+10"]

1. e4 c6 2. d4 d5 3. f3 Qb6 4. Nc3 dxe4 5. fxe4 e5 $1 6. Nf3 exd4 7. Nxd4 Nf6 8. Be2 (8. e5 $1 $14 Ng4 9. e6 Bxe6 10. Bc4 Bxc4 11. Qxg4) 8... Bc5 $11 9. Na4 Qa5+ 10. c3 Be7 11. b4 Qd8 12. O-O Nxe4 {[%emt 0:04:48] [#]} (12... O-O $11 {keeps the balance.}) 13. Bd3 $2 {[%emt 0:01:10][%mdl 8192] [#] This move loses the game for White.} (13. Bg4 $1 $16 {[%cal Rg4c8] keeps the pressure on. Bxc8 is the strong threat.} O-O 14. Bxc8 Qxc8 15. Nf5) 13... Nxc3 $1 $19 14. Nxc3 {[%emt 0:01:41] And now Bc2 would win.} (14. Nxc6 Nxc6) 14... Qxd4+ 15. Kh1 {[%emt 0:00:01][%cal Of1f7] Black is clearly winning.} Qxc3 16. Rxf7 (16. Rb1 $142 Qe5 (16... Bxb4 $2 17. Bb2 $17) 17. Re1) 16... Kxf7 17. Qf3+ Bf6 {[%emt 0:01:12] Weighted Error Value: White=1.60/Black=0.28 (precise) .  Loses game:     	White=1     	---        Mistake:       	White=2     	Black=1      Inaccurate:     	White=1     	Black=3      OK:         	White=4     	Black=3      Best:        	---       	Black=2      Brilliant:      	---       	Black=1} 0-1

[Event "Czech Open Rapid G1 2024"]
[Site "Pardubice"]
[Date "2024.07.17"]
[Round "3.17"]
[White "Shilon Rahav, Eliran"]
[Black "Jun, Rudolf"]
[Result "1-0"]
[Annotator "RC"]
[ECO "B23"]
[WhiteElo "2055"]
[BlackElo "2232"]
[PlyCount "119"]
[EventDate "2024.07.16"]
[EventType "swiss"]
[EventCountry "CZE"]
[SourceTitle "playchess.com"]
[Source "ChessBase"]
[SourceQuality "1"]
[TimeControl "1200+10"]

1. e4 c5 2. Nc3 b6 3. g3 Bb7 4. Bg2 g6 5. Nge2 Bg7 6. d4 cxd4 7. Nxd4 d6 8. O-O Nd7 9. Be3 a6 10. f4 Qc7 11. Qd2 Ngf6 12. Rad1 O-O 13. h3 Nc5 14. Nd5 Nxd5 15. exd5 Nd7 16. Qd3 Rac8 17. c3 Nf6 18. Nb3 b5 19. g4 Ba8 20. g5 Nd7 21. h4 Qc4 22. Qd2 Qa4 23. Qc2 b4 24. c4 Nc5 25. Rf2 Qd7 26. Nxc5 dxc5 27. f5 gxf5 28. Rxf5 e6 29. Rff1 exd5 30. cxd5 Rfe8 31. Qf2 Qg4 32. Qxf7+ Kh8 33. Qf4 Qxf4 34. Bxf4 Bd4+ 35. Kh2 Re2 36. Kg3 Kg8 37. Bh3 Rd8 38. Bg4 Re4 39. Bf5 Re2 40. Bg4 Re4 41. d6 Be5 42. Bxe5 Rxe5 43. Rf6 Re3+ 44. Kf2 Re5 45. d7 Kg7 46. Re1 Rxe1 47. Kxe1 h5 48. Bf5 Bd5 49. b3 a5 50. Kd2 a4 51. bxa4 Bxa2 52. a5 c4 53. Rc6 c3+ 54. Kc2 Kf7 55. a6 Ke7 56. Rc8 Bd5 57. Rxd8 Kxd8 58. a7 Bc6 59. g6 Ba4+ 60. Kc1 1-0

[Event "Czech Open Rapid G1 2024"]
[Site "Pardubice"]
[Date "2024.07.17"]
[Round "3.18"]
[White "Prokofiev, Valentyn"]
[Black "Setina, Vaclav"]
[Result "1-0"]
[Annotator "RC"]
[ECO "D32"]
[WhiteElo "2337"]
[BlackElo "1984"]
[PlyCount "39"]
[EventDate "2024.07.16"]
[EventType "swiss"]
[EventCountry "CZE"]
[SourceTitle "playchess.com"]
[Source "ChessBase"]
[SourceQuality "1"]
[TimeControl "1200+10"]

1. Nf3 Nf6 2. c4 c5 3. d4 e6 4. Nc3 d5 5. cxd5 exd5 6. dxc5 Bxc5 7. e3 O-O 8. Be2 a6 9. O-O Nc6 10. b3 Bg4 11. Bb2 Qd6 12. h3 Bh5 13. Nh4 Bxe2 14. Nxe2 Ba7 15. Nf5 Qd7 16. g4 h5 17. Bxf6 gxf6 18. Nf4 d4 19. Nxh5 Qe6 20. exd4 1-0

[Event "Czech Open Rapid G1 2024"]
[Site "Pardubice"]
[Date "2024.07.17"]
[Round "3.19"]
[White "Freisler, Pavel"]
[Black "Karvatskyi, Oleksii"]
[Result "1/2-1/2"]
[Annotator "RC"]
[ECO "E01"]
[WhiteElo "2261"]
[BlackElo "1990"]
[PlyCount "83"]
[EventDate "2024.07.16"]
[EventType "swiss"]
[EventCountry "CZE"]
[SourceTitle "playchess.com"]
[Source "ChessBase"]
[SourceQuality "1"]
[TimeControl "1200+10"]

1. Nf3 d5 2. d4 Nf6 3. c4 e6 4. g3 Ne4 5. Bg2 f5 6. O-O Be7 7. Nbd2 Nc6 8. e3 h5 9. Nxe4 dxe4 10. Ne1 h4 11. f3 hxg3 12. hxg3 Bd6 13. f4 Qf6 14. Bd2 Qg6 15. Kf2 Bd7 16. Nc2 O-O-O 17. Qe2 Rh6 18. Rh1 Rdh8 19. Rxh6 gxh6 20. Rh1 h5 21. b4 Be8 22. b5 Nd8 23. Bb4 Bxb4 24. Nxb4 Rg8 25. Rh3 h4 26. a4 hxg3+ 27. Ke1 Nf7 28. c5 Nh6 29. c6 b6 30. Nc2 Nf7 31. Na3 Qg7 32. Nc4 Rh8 33. Rxh8 Qxh8 34. a5 Qh2 35. Kf1 Nd8 36. axb6 axb6 37. Qa2 Kb8 38. Qa6 Qh5 39. Ke1 Qh2 40. Kf1 Qh5 41. Ke1 Qh2 42. Kf1 1/2-1/2

[Event "Czech Open Rapid G1 2024"]
[Site "Pardubice"]
[Date "2024.07.17"]
[Round "3.20"]
[White "Tyshniuk, Roman"]
[Black "Jurek, Josef"]
[Result "0-1"]
[Annotator "RC"]
[ECO "E12"]
[WhiteElo "1903"]
[BlackElo "2200"]
[PlyCount "106"]
[EventDate "2024.07.16"]
[EventType "swiss"]
[EventCountry "CZE"]
[SourceTitle "playchess.com"]
[Source "ChessBase"]
[SourceQuality "1"]
[TimeControl "1200+10"]

1. d4 Nf6 2. c4 e6 3. Nf3 b6 4. a3 Ba6 5. Qb3 Be7 6. Nc3 d5 7. cxd5 exd5 8. Bg5 c6 9. e3 Bxf1 10. Kxf1 Nbd7 11. g3 O-O 12. Kg2 Ne4 13. Bxe7 Qxe7 14. Rac1 Rfe8 15. Rc2 Qd6 16. Rhc1 Nxc3 17. Rxc3 c5 18. dxc5 bxc5 19. Rd1 Nf6 20. Qb5 Ne4 21. Rcd3 Rab8 22. Qa4 Qe7 23. Rxd5 Nxf2 24. Re5 Qxe5 25. Nxe5 Nxd1 26. Qxa7 Rxb2+ 27. Kg1 Rf8 28. Qxc5 Nf2 29. Qd4 Nh3+ 30. Kh1 Rc2 31. Qa4 Rfc8 32. Qd7 Ng5 33. g4 Rb8 34. Qd1 Rcb2 35. Qd5 Rf2 36. Qd3 h6 37. h4 Ne6 38. Kg1 Ra2 39. Qd1 Rc8 40. Qf1 Rc7 41. a4 Rxa4 42. Kg2 Re4 43. Qf5 Rxe3 44. g5 hxg5 45. hxg5 Nd4 46. Qg4 Rc2+ 47. Kf1 Rb3 48. Qd1 Nf5 49. Qd8+ Kh7 50. g6+ fxg6 51. Nd3 Rb1+ 52. Ne1 Ng3+ 53. Kg1 Rxe1# 0-1

[Event "Czech Open Rapid G1 2024"]
[Site "Pardubice"]
[Date "2024.07.17"]
[Round "3.21"]
[White "Kavalir, Jan"]
[Black "Brendel, Oliver"]
[Result "1/2-1/2"]
[Annotator "RC"]
[ECO "B22"]
[WhiteElo "1992"]
[BlackElo "2291"]
[PlyCount "57"]
[EventDate "2024.07.16"]
[EventType "swiss"]
[EventCountry "CZE"]
[SourceTitle "playchess.com"]
[Source "ChessBase"]
[SourceQuality "1"]
[TimeControl "1200+10"]

1. e4 c5 2. c3 g6 3. d4 cxd4 4. cxd4 d5 5. exd5 Nf6 6. Bb5+ Nbd7 7. d6 exd6 8. Qe2+ Qe7 9. Bf4 Qxe2+ 10. Nxe2 Be7 11. Nbc3 O-O 12. O-O Nb6 13. Bd3 a6 14. h3 Be6 15. Ne4 Nxe4 16. Bxe4 Bd5 17. Nc3 Bxe4 18. Nxe4 Rfd8 19. Rac1 Nd5 20. Bg3 f5 21. Nc3 Nb6 22. a4 Bg5 23. a5 Bxc1 24. Rxc1 Nd7 25. Nd5 Kf7 26. Rc7 Rac8 27. Rxb7 Rb8 28. Ra7 Ra8 29. Rb7 1/2-1/2

[Event "Czech Open Rapid G1 2024"]
[Site "Pardubice"]
[Date "2024.07.17"]
[Round "3.22"]
[White "Ludvik, Tomas"]
[Black "Dostal, Radim"]
[Result "1-0"]
[Annotator "RC"]
[ECO "A61"]
[WhiteElo "2210"]
[BlackElo "1961"]
[PlyCount "65"]
[EventDate "2024.07.16"]
[EventType "swiss"]
[EventCountry "CZE"]
[SourceTitle "playchess.com"]
[Source "ChessBase"]
[SourceQuality "1"]
[TimeControl "1200+10"]

1. d4 Nf6 2. c4 c5 3. d5 e6 4. Nc3 exd5 5. cxd5 d6 6. Nf3 g6 7. Bf4 Bg7 8. Qa4+ Bd7 9. Qb3 Qc7 10. h3 O-O 11. e3 Na6 12. Nd2 Rab8 13. Bb5 Nb4 14. Bg3 Bf5 15. e4 a6 16. Be2 Rfe8 17. exf5 Nh5 18. Bh2 Qe7 19. Nce4 Bh6 20. Bf3 gxf5 21. Bxh5 fxe4 22. Nc4 Nd3+ 23. Ke2 Qh4 24. g4 Qxf2+ 25. Kd1 Qg2 26. Rg1 Qxh2 27. Rf1 b5 28. Bxf7+ Kf8 29. Bxe8+ Kxe8 30. Qc3 bxc4 31. Qh8+ Ke7 32. Qxh7+ Ke8 33. Qg8+ 1-0

[Event "Czech Open Rapid G1 2024"]
[Site "Pardubice"]
[Date "2024.07.17"]
[Round "3.23"]
[White "Sikora, Lukas"]
[Black "Berin, Artem"]
[Result "0-1"]
[Annotator "RC"]
[ECO "E46"]
[WhiteElo "1928"]
[BlackElo "2234"]
[PlyCount "62"]
[EventDate "2024.07.16"]
[EventType "swiss"]
[EventCountry "CZE"]
[SourceTitle "playchess.com"]
[Source "ChessBase"]
[SourceQuality "1"]
[TimeControl "1200+10"]

1. d4 Nf6 2. c4 e6 3. Nc3 Bb4 4. e3 O-O 5. Nge2 c6 6. a3 Ba5 7. b4 Bc7 8. Ng3 d5 9. f4 a5 10. Bb2 Qe7 11. c5 axb4 12. axb4 Rxa1 13. Qxa1 Ng4 14. Nd1 Qh4 15. Bd3 Nxh2 16. Kf2 Bxf4 17. exf4 Qxf4+ 18. Kg1 Qxg3 19. Bxh7+ Kxh7 20. Rxh2+ Kg8 21. Nf2 Na6 22. Qb1 f5 23. Rh3 Qg5 24. Nd3 Bd7 25. Qe1 f4 26. Bc1 e5 27. Rh4 Bf5 28. Nxe5 Be4 29. g3 Qxg3+ 30. Qxg3 fxg3 31. Bf4 g2 0-1

[Event "Czech Open Rapid G1 2024"]
[Site "Pardubice"]
[Date "2024.07.17"]
[Round "3.24"]
[White "Hosticka, Frantisek"]
[Black "Karpinets, Andrian"]
[Result "1-0"]
[Annotator "RC"]
[ECO "B30"]
[WhiteElo "2062"]
[BlackElo "1759"]
[PlyCount "115"]
[EventDate "2024.07.16"]
[EventType "swiss"]
[EventCountry "CZE"]
[SourceTitle "playchess.com"]
[Source "ChessBase"]
[SourceQuality "1"]
[TimeControl "1200+10"]

1. e4 c5 2. Nf3 Nc6 3. Bb5 e6 4. O-O Nge7 5. b3 a6 6. Bxc6 Nxc6 7. Bb2 d6 8. d4 cxd4 9. Nxd4 e5 10. Nxc6 bxc6 11. c4 Be7 12. f4 O-O 13. fxe5 dxe5 14. Bxe5 Bc5+ 15. Kh1 Qxd1 16. Rxd1 Bg4 17. Re1 Rfe8 18. Bc3 Rad8 19. h3 Bh5 20. Nd2 Rd3 21. Ba5 f6 22. Rac1 Be3 23. Rc2 Re5 24. c5 Rxc5 25. Rxe3 Rxc2 26. Rxd3 Rxa2 27. b4 Kf7 28. Nf3 Bg6 29. Rd7+ Ke6 30. Ra7 Bxe4 31. Rxg7 c5 32. Rc7 cxb4 33. Bxb4 Bxf3 34. gxf3 Rf2 35. Rc3 Rb2 36. Ba5 Ra2 37. Rc6+ Kd5 38. Rxa6 Kc4 39. Ra7 Kb5 40. Bb6 Rd2 41. Bg1 h5 42. Rf7 Rd6 43. h4 Kc6 44. Rh7 Rd5 45. Rh6 Rf5 46. Bd4 Rxf3 47. Rxf6+ Rxf6 48. Bxf6 Kd5 49. Kg2 Ke6 50. Bb2 Kf5 51. Kg3 Ke6 52. Kf4 Kf7 53. Kg5 Kg8 54. Kxh5 Kh7 55. Kg5 Kg8 56. Kg6 Kf8 57. h5 Kg8 58. h6 1-0

[Event "Czech Open Rapid G1 2024"]
[Site "Pardubice"]
[Date "2024.07.17"]
[Round "3.25"]
[White "Sladek, Vladislav"]
[Black "Ret, Adam Josef"]
[Result "1/2-1/2"]
[Annotator "RC"]
[ECO "B22"]
[WhiteElo "1928"]
[BlackElo "2085"]
[PlyCount "62"]
[EventDate "2024.07.16"]
[EventType "swiss"]
[EventCountry "CZE"]
[SourceTitle "playchess.com"]
[Source "ChessBase"]
[SourceQuality "1"]
[TimeControl "1200+10"]

1. e4 c5 2. d4 cxd4 3. c3 Nf6 4. e5 Nd5 5. cxd4 d6 6. Nf3 Nc6 7. Be2 Bf5 8. O-O e6 9. Nc3 Nxc3 10. bxc3 dxe5 11. Nxe5 Bd6 12. f4 O-O 13. Bd3 Bxd3 14. Qxd3 Nxe5 15. fxe5 Bxe5 16. Qe4 Bf6 17. Qg4 g6 18. Rb1 b6 19. Rb2 Rc8 20. Rbf2 Bg7 21. Rf3 Rxc3 22. Rxc3 Qxd4+ 23. Qxd4 Bxd4+ 24. Re3 Rc8 25. Kf2 Rc2+ 26. Kf3 Bxe3 27. Bxe3 Rxa2 28. Bh6 Ra3+ 29. Kf2 Ra2+ 30. Kf3 Ra3+ 31. Kf2 Ra2+ 1/2-1/2

[Event "Czech Open Rapid G1 2024"]
[Site "Pardubice"]
[Date "2024.07.17"]
[Round "3.26"]
[White "Danek, Pavel"]
[Black "Vrana, Frantisek"]
[Result "0-1"]
[Annotator "RC"]
[ECO "A80"]
[WhiteElo "1940"]
[BlackElo "2147"]
[PlyCount "194"]
[EventDate "2024.07.16"]
[EventType "swiss"]
[EventCountry "CZE"]
[SourceTitle "playchess.com"]
[Source "ChessBase"]
[SourceQuality "1"]
[TimeControl "1200+10"]

1. d4 f5 2. f4 Nf6 3. Nf3 e6 4. e3 b6 5. Be2 Bb7 6. O-O Be7 7. Bd2 O-O 8. Be1 Ne4 9. Nbd2 d6 10. Bc4 Bd5 11. Be2 c5 12. c3 Nd7 13. Nxe4 Bxe4 14. Nd2 Bb7 15. Bg3 Re8 16. Bf3 Bxf3 17. Nxf3 h6 18. Qd3 Nf6 19. Bh4 g5 20. fxg5 Ne4 21. d5 hxg5 22. Be1 Qc8 23. dxe6 Qxe6 24. Rd1 Rf8 25. Qd5 Qf7 26. Qxf7+ Rxf7 27. Nd2 d5 28. Nxe4 dxe4 29. g3 Rd8 30. Rxd8+ Bxd8 31. Rf2 c4 32. Rd2 Be7 33. Rd7 Bc5 34. Rd8+ Kg7 35. Bf2 g4 36. Kf1 Kf6 37. Ke2 Ke6 38. Rd2 b5 39. a3 a6 40. Rd8 Rb7 41. Ra8 Ba7 42. Rd8 a5 43. Re8+ Kf7 44. Re5 Kf6 45. Rd5 Ke6 46. Rd8 b4 47. axb4 axb4 48. Rd2 b3 49. Rd8 Bb6 50. Rc8 Kd5 51. Rf8 Ke6 52. Rc8 Bc7 53. Ra8 Bb6 54. Re8+ Kf7 55. Rc8 Bc7 56. Ra8 Ke7 57. Ra4 Bd6 58. Be1 Rc7 59. Ra5 Ke6 60. Bf2 Bc5 61. Ra6+ Kd5 62. Rf6 Ke5 63. Ra6 Rd7 64. Rc6 Kd5 65. Rf6 Ke5 66. Rc6 Rd5 67. Ra6 Be7 68. Rc6 Bc5 69. Ra6 Bd6 70. Ra4 Rc5 71. Ra6 Kd5 72. Ra4 Kc6 73. Ra8 Kb7 74. Ra4 Bc7 75. Be1 Ba5 76. Bd2 Kc6 77. Be1 Kb5 78. Ra1 Rc8 79. Rd1 Kc5 80. Ra1 Bb6 81. Ra6 Rh8 82. Bf2 Rxh2 83. Ra8 Rh5 84. Rc8+ Kb5 85. Re8 Bc5 86. Rb8+ Kc6 87. Rc8+ Kb6 88. Rb8+ Kc6 89. Rc8+ Kd5 90. Rd8+ Bd6 91. Ra8 Rh1 92. Be1 Rh2+ 93. Bf2 Bxg3 94. Ra5+ Ke6 95. Ra6+ Ke5 96. Ra5+ Kf6 97. Ra6+ Kg5 0-1

[Event "Czech Open Rapid G1 2024"]
[Site "Pardubice"]
[Date "2024.07.17"]
[Round "3.27"]
[White "Ptacek, Lubos"]
[Black "Gschwendtner, Stanislav"]
[Result "1-0"]
[Annotator "RC"]
[ECO "B73"]
[WhiteElo "2036"]
[BlackElo "2011"]
[PlyCount "65"]
[EventDate "2024.07.16"]
[EventType "swiss"]
[EventCountry "CZE"]
[SourceTitle "playchess.com"]
[Source "ChessBase"]
[SourceQuality "1"]
[TimeControl "1200+10"]

1. e4 c5 2. Nf3 d6 3. d4 cxd4 4. Nxd4 Nf6 5. Nc3 g6 6. Be2 Bg7 7. O-O Nc6 8. Be3 O-O 9. Rb1 d5 10. Nxc6 bxc6 11. e5 Ne8 12. f4 Nc7 13. Qd2 f6 14. exf6 exf6 15. Rbd1 Rb8 16. Na4 f5 17. b3 Re8 18. Bxa7 Ra8 19. Bb6 d4 20. Bc4+ Be6 21. Bxe6+ Rxe6 22. Nc5 Rd6 23. Nb7 Qb8 24. Bxc7 Qxc7 25. Nxd6 Qxd6 26. a4 c5 27. Rde1 c4 28. bxc4 Rxa4 29. Re8+ Kf7 30. Rfe1 Rxc4 31. R1e7+ Kf6 32. Qf2 d3 33. Qh4+ 1-0

[Event "Czech Open Rapid G1 2024"]
[Site "Pardubice"]
[Date "2024.07.17"]
[Round "3.28"]
[White "Dovzhenko, Viktor"]
[Black "Stocek, Martin"]
[Result "1-0"]
[Annotator "RC"]
[ECO "A13"]
[WhiteElo "2044"]
[BlackElo "2110"]
[PlyCount "149"]
[EventDate "2024.07.16"]
[EventType "swiss"]
[EventCountry "CZE"]
[SourceTitle "playchess.com"]
[Source "ChessBase"]
[SourceQuality "1"]
[TimeControl "1200+10"]

1. g3 d5 2. Bg2 Nf6 3. c4 e6 4. Nf3 Be7 5. d3 d4 6. O-O O-O 7. e3 c5 8. Re1 Nc6 9. exd4 cxd4 10. Na3 Re8 11. Bf4 Bd6 12. Bxd6 Qxd6 13. Nb5 Qd8 14. c5 e5 15. Nd6 Re7 16. b4 e4 17. dxe4 Bg4 18. h3 Bxf3 19. Bxf3 Ne5 20. Bg2 a5 21. f4 Nc6 22. b5 Na7 23. a4 Nd7 24. Nxb7 Qc8 25. c6 Nb6 26. Qxd4 Qc7 27. Qd6 Qxd6 28. Nxd6 Rd8 29. e5 f6 30. Nf5 Re6 31. exf6 Rxf6 32. g4 g6 33. c7 Rd7 34. Ne7+ Kf7 35. c8=Q Naxc8 36. Nc6 Rd2 37. Re4 Nd6 38. Re7+ Kf8 39. Rf1 Ndc4 40. Rfe1 Rxf4 41. Re8+ Kg7 42. R1e7+ Kh6 43. Rh8 Kg5 44. Rhxh7 Rff2 45. Bf1 Kf4 46. Rhf7+ Kg3 47. Rxf2 Rxf2 48. Nd4 Ra2 49. Ne2+ Kh4 50. Nf4 Nd2 51. Nxg6+ Kg5 52. Ne5 Kf6 53. Re8 Ra1 54. Kg2 Nxf1 55. Nd3 Nd2 56. Nc5 Nxa4 57. Re6+ Kf7 58. Rc6 Nb2 59. b6 Nbc4 60. b7 Rb1 61. Rc8 a4 62. b8=Q Rxb8 63. Rxb8 a3 64. Ra8 Nb1 65. Kg3 Ke7 66. g5 Kd6 67. Nb3 Nb6 68. Ra6 Kc7 69. g6 Kb7 70. Rxb6+ Kxb6 71. g7 a2 72. g8=Q Nd2 73. Qa8 Nxb3 74. Qxa2 Nc5 75. Qd5 1-0

[Event "Czech Open Rapid G1 2024"]
[Site "Pardubice"]
[Date "2024.07.17"]
[Round "3.29"]
[White "Chaika, Vitalii"]
[Black "Filindash, Nikita"]
[Result "1-0"]
[Annotator "RC"]
[ECO "D02"]
[WhiteElo "2111"]
[BlackElo "2007"]
[PlyCount "61"]
[EventDate "2024.07.16"]
[EventType "swiss"]
[EventCountry "CZE"]
[SourceTitle "playchess.com"]
[Source "ChessBase"]
[SourceQuality "1"]
[TimeControl "1200+10"]

1. d4 d5 2. Bf4 c5 3. e3 e6 4. c3 Nc6 5. Nf3 Nf6 6. Nbd2 Bd6 7. Bg3 O-O 8. Bd3 Re8 9. Ne5 Qc7 10. f4 b6 11. O-O a5 12. Qe2 Bb7 13. a4 Rad8 14. Bh4 Be7 15. Rf3 g6 16. Rh3 Nxe5 17. fxe5 Ne4 18. Rf1 Bxh4 19. Rxh4 Nxd2 20. Qxd2 Bc6 21. Qf2 Bxa4 22. Qf4 c4 23. Bb1 Rf8 24. Qh6 f5 25. exf6 Be8 26. Qg5 b5 27. Rhf4 b4 28. h4 Kh8 29. h5 gxh5 30. Qg7+ Qxg7 31. fxg7+ 1-0

[Event "Czech Open Rapid G1 2024"]
[Site "Pardubice"]
[Date "2024.07.17"]
[Round "3.30"]
[White "Sichrovsky, Tomas"]
[Black "Rut, Vojtech"]
[Result "1-0"]
[Annotator "RC"]
[ECO "A59"]
[WhiteElo "1933"]
[BlackElo "2028"]
[PlyCount "75"]
[EventDate "2024.07.16"]
[EventType "swiss"]
[EventCountry "CZE"]
[SourceTitle "playchess.com"]
[Source "ChessBase"]
[SourceQuality "1"]
[TimeControl "1200+10"]

1. d4 Nf6 2. c4 c5 3. d5 b5 4. cxb5 a6 5. bxa6 Bxa6 6. Nc3 d6 7. Nf3 g6 8. e4 Bxf1 9. Kxf1 Bg7 10. g3 O-O 11. Kg2 Nfd7 12. a4 Na6 13. Bd2 Nb6 14. Qb3 Qc7 15. Rhb1 Rfb8 16. Nb5 Qd7 17. Bc3 f6 18. Nd2 Nxa4 19. Qxa4 Rxb5 20. Nc4 Nc7 21. Qc2 Qc8 22. f4 Qb7 23. Na5 Raxa5 24. Rxa5 f5 25. Rxb5 Nxb5 26. Bxg7 Kxg7 27. b4 fxe4 28. bxc5 Qxd5 29. Rxb5 e3+ 30. Kg1 e5 31. Rb1 exf4 32. c6 fxg3 33. Qc3+ Kg8 34. Rb8+ Kf7 35. Rb7+ Ke6 36. Qxe3+ Kf6 37. Qf4+ Ke6 38. Qf7+ 1-0